ESL (28 & UNDER)
SPRINGFIELD SIMPSONS @ BUTLER WHITE SOX
06/27/2027
 
TOP OF THE 1ST
Springfield Simpsons batting - Pitching for Butler White Sox : RHP Cliff Erwin
Pitching: RHP Cliff Erwin
Batting: LHB Raúl Morales 0-0: Ground out 1-3 (Groundball, 15S)
Batting: SHB Conan Hanson 0-0: Called Strike
0-1: Foul Ball, location: 2F
0-2: Ball
1-2: Ball
2-2: Ball
3-2: Strikes out swinging
Batting: LHB Mitchell Oglethorpe 0-0: Ball
1-0: SOLO HOME RUN (Flyball, 9LD), Distance : 362 ft
Batting: RHB Manny Ramírez 0-0: Called Strike
0-1: Ball
1-1: Called Strike
1-2: Ground out 5-3 (Groundball, 56S)
Top of the 1st over - 1 run(s), 1 hit(s), 0 error(s), 0 left on base; Springfield 1 - Butler 0
BOTTOM OF THE 1ST
Butler White Sox batting - Pitching for Springfield Simpsons : LHP Alberto Martínez
Pitching: LHP Alberto Martínez
Batting: LHB Sam Haynes 0-0: Ball
1-0: Ball
2-0: Called Strike
2-1: Ball
3-1: Foul Ball, location: 2F
3-2: Base on Balls
Batting: RHB Bo Vickers 0-0: Grounds into double play, 5-4-3 (Groundball, 56)
Batting: LHB Dave Cook 0-0: Ball
1-0: Ball
2-0: Foul Ball, location: 2F
2-1: Called Strike
2-2: Strikes out looking
Bottom of the 1st over - 0 run(s), 0 hit(s), 0 error(s), 0 left on base; Springfield 1 - Butler 0
TOP OF THE 2ND
Springfield Simpsons batting - Pitching for Butler White Sox : RHP Cliff Erwin
Batting: RHB Bob Carr 0-0: Called Strike
0-1: Foul Ball, location: 2F
0-2: Ball
1-2: Ball
2-2: Ball
3-2: Foul Ball, location: 2F
3-2: Base on Balls
Batting: RHB Jorge Collazo 0-0: Called Strike
0-1: Foul Ball, location: 2F
0-2: Ball
1-2: Grounds into double play, 4-6-3 (Groundball, 4)
Batting: RHB Leon Heath 0-0: Ball
1-0: Foul Ball, location: 2F
1-1: Foul Ball, location: 2F
1-2: Foul Ball, location: 2F
1-2: Ball
2-2: Ball
3-2: Fly out, F8 (Flyball, 8LM)
Top of the 2nd over - 0 run(s), 0 hit(s), 0 error(s), 0 left on base; Springfield 1 - Butler 0
BOTTOM OF THE 2ND
Butler White Sox batting - Pitching for Springfield Simpsons : LHP Alberto Martínez
Batting: RHB Bobby Murdock 0-0: Called Strike
0-1: Swinging Strike
0-2: Strikes out looking
Batting: LHB Thomas Dixon 0-0: Fly out, F7 (Flyball, 78S)
Batting: RHB Luis Ramos 0-0: Fly out, F3 (Popup, 3L)
Bottom of the 2nd over - 0 run(s), 0 hit(s), 0 error(s), 0 left on base; Springfield 1 - Butler 0
TOP OF THE 3RD
Springfield Simpsons batting - Pitching for Butler White Sox : RHP Cliff Erwin
Batting: LHB Jesús Raugel 0-0: Foul Ball, location: 2F
0-1: Ground out U3 (Groundball, 3L)
Batting: RHB Roberto Solís 0-0: Ball
1-0: Called Strike
1-1: Swinging Strike
1-2: Strikes out swinging
Batting: LHB Raúl Morales 0-0: Called Strike
0-1: Swinging Strike
0-2: Foul Ball, location: 2F
0-2: Strikes out looking
Top of the 3rd over - 0 run(s), 0 hit(s), 0 error(s), 0 left on base; Springfield 1 - Butler 0
BOTTOM OF THE 3RD
Butler White Sox batting - Pitching for Springfield Simpsons : LHP Alberto Martínez
Batting: LHB Milton Watson 0-0: Foul Ball, location: 2F
0-1: Ball
1-1: Ball
2-1: Called Strike
2-2: SINGLE (Groundball, 34S) (infield hit)
Batting: RHB José Darias 0-0: Called Strike
0-1: Ball
1-1: Ball
2-1: Ball
3-1: Ground out 3-1 (Groundball, 34S)
Milton Watson to second
Batting: RHB Steve Clifton 0-0: Ball
Wild Pitch!
Milton Watson to third
1-0: Foul Ball, location: 2F
1-1: Ground out 6-3 (Groundball, 6)
Milton Watson scores
Batting: LHB Sam Haynes 0-0: Called Strike
0-1: Called Strike
0-2: Ball
1-2: Ball
2-2: Foul Ball, location: 2F
2-2: Foul Ball, location: 2F
2-2: Strikes out swinging
Bottom of the 3rd over - 1 run(s), 1 hit(s), 0 error(s), 0 left on base; Springfield 1 - Butler 1
TOP OF THE 4TH
Springfield Simpsons batting - Pitching for Butler White Sox : RHP Cliff Erwin
Batting: SHB Conan Hanson 0-0: Swinging Strike
0-1: Ball
1-1: Foul Ball, location: 2F
1-2: Ball
2-2: Strikes out swinging
Batting: LHB Mitchell Oglethorpe 0-0: Swinging Strike
0-1: Called Strike
0-2: Ball
1-2: Foul Ball, location: 2F
1-2: Ball
2-2: Ground out U3 (Groundball, 3L)
Batting: RHB Manny Ramírez 0-0: Ball
1-0: Foul Ball, location: 2F
1-1: Called Strike
1-2: Foul Ball, location: 2F
1-2: Ball
2-2: Foul Ball, location: 2F
2-2: Strikes out swinging
Top of the 4th over - 0 run(s), 0 hit(s), 0 error(s), 0 left on base; Springfield 1 - Butler 1
BOTTOM OF THE 4TH
Butler White Sox batting - Pitching for Springfield Simpsons : LHP Alberto Martínez
Batting: RHB Bo Vickers 0-0: Ball
1-0: Ball
2-0: Ball
3-0: Called Strike
3-1: Called Strike
3-2: Base on Balls
Batting: LHB Dave Cook 0-0: Foul Ball, location: 2F
0-1: Called Strike
0-2: Ball
1-2: Foul Ball, location: 2F
1-2: Fly out, F4 (Popup, 3D)
Batting: RHB Bobby Murdock 0-0: SINGLE (Line Drive, 78S)
Bo Vickers to second
Batting: LHB Thomas Dixon 0-0: Ball
1-0: Foul Ball, location: 2F
1-1: Ball
2-1: Ground out U3 (Groundball, 34S)
Bo Vickers to third
Bobby Murdock to second
Batting: RHB Luis Ramos 0-0: Ball
1-0: Called Strike
1-1: DOUBLE (Line Drive, 9LS)
Bo Vickers scores
Bobby Murdock scores
Batting: LHB Milton Watson 0-0: Ball
1-0: Ball
2-0: Ball
3-0: Base on Balls
Batting: RHB José Darias 0-0: Called Strike
0-1: Swinging Strike
0-2: Strikes out swinging
Bottom of the 4th over - 2 run(s), 2 hit(s), 0 error(s), 2 left on base; Springfield 1 - Butler 3
TOP OF THE 5TH
Springfield Simpsons batting - Pitching for Butler White Sox : RHP Cliff Erwin
Batting: RHB Bob Carr 0-0: Foul Ball, location: 2F
0-1: Swinging Strike
0-2: Ball
1-2: Strikes out swinging
Batting: RHB Jorge Collazo 0-0: Ball
1-0: Called Strike
1-1: Ball
2-1: Foul Ball, location: 2F
2-2: Strikes out swinging
Batting: RHB Leon Heath 0-0: Ball
1-0: Ball
2-0: Swinging Strike
2-1: Ball
3-1: Fly out, F3 (Popup, 3D)
Top of the 5th over - 0 run(s), 0 hit(s), 0 error(s), 0 left on base; Springfield 1 - Butler 3
BOTTOM OF THE 5TH
Butler White Sox batting - Pitching for Springfield Simpsons : LHP Alberto Martínez
Batting: RHB Steve Clifton 0-0: Ground out 5-3 (Groundball, 56S)
Batting: LHB Sam Haynes 0-0: Ball
1-0: Ball
2-0: DOUBLE (Line Drive, 78XD)
Batting: RHB Bo Vickers 0-0: Ball
1-0: Foul Ball, location: 2F
1-1: Ball
2-1: Foul Ball, location: 2F
2-2: Ball
3-2: Ground out 6-3 (Groundball, 6)
Sam Haynes to third
Batting: LHB Dave Cook 0-0: Ball
1-0: Called Strike
1-1: Ball
2-1: Foul Ball, location: 2F
2-2: Foul Ball, location: 2F
2-2: Ball
3-2: Ground out U3 (Groundball, 34)
Bottom of the 5th over - 0 run(s), 1 hit(s), 0 error(s), 1 left on base; Springfield 1 - Butler 3
TOP OF THE 6TH
Springfield Simpsons batting - Pitching for Butler White Sox : RHP Cliff Erwin
Batting: LHB Jesús Raugel 0-0: Ball
1-0: Hit by Pitch
Batting: RHB Roberto Solís 0-0: Ball
1-0: Ball
2-0: Called Strike
2-1: Foul Ball, location: 2F
2-2: Foul Ball, location: 2F
2-2: Strikes out looking
Batting: LHB Raúl Morales 0-0: Called Strike
0-1: Ball
1-1: Ball
2-1: 2-RUN HOME RUN (Line Drive, 9LD), Distance : 372 ft
Batting: SHB Conan Hanson 0-0: Called Strike
0-1: Foul Ball, location: 2F
0-2: Strikes out looking
Batting: LHB Mitchell Oglethorpe 0-0: Ball
1-0: Called Strike
1-1: Ball
2-1: Ball
3-1: Base on Balls
Batting: RHB Manny Ramírez 0-0: Ball
1-0: Called Strike
1-1: Called Strike
1-2: Ball
2-2: Fielders Choice at 2nd, 5-4 (Groundball, 56)
Top of the 6th over - 2 run(s), 1 hit(s), 0 error(s), 0 left on base; Springfield 3 - Butler 3
BOTTOM OF THE 6TH
Butler White Sox batting - Pitching for Springfield Simpsons : LHP Alberto Martínez
Batting: RHB Bobby Murdock 0-0: Foul Ball, location: 2F
0-1: Ground out 5-3 (Groundball, 56S)
Batting: LHB Thomas Dixon 0-0: Foul Ball, location: 2F
0-1: Foul Ball, location: 2F
0-2: Ball
1-2: Ball
2-2: Ground out 4-3 (Groundball, 4D)
Batting: RHB Luis Ramos 0-0: Swinging Strike
0-1: Ground out 6-3 (Groundball, 56D)
Bottom of the 6th over - 0 run(s), 0 hit(s), 0 error(s), 0 left on base; Springfield 3 - Butler 3
TOP OF THE 7TH
Springfield Simpsons batting - Pitching for Butler White Sox : RHP Cliff Erwin
Pitching: RHP Eric Wilson
Batting: RHB Bob Carr 0-0: Called Strike
0-1: Ball
1-1: Swinging Strike
1-2: Ball
2-2: Strikes out looking
Pinch Hitting: RHB Mitsuoki Taguchi 0-0: Ground out 6-3 (Groundball, 56)
Pinch Hitting: LHB Todd Anderson 0-0: Swinging Strike
0-1: Ball
1-1: SOLO HOME RUN (Flyball, 9D), Distance : 371 ft
Pitching: LHP Domingo Morales
Batting: LHB Jesús Raugel 0-0: Called Strike
0-1: Foul Ball, location: 2F
0-2: Ground out 4-3 (Groundball, 4)
Top of the 7th over - 1 run(s), 1 hit(s), 0 error(s), 0 left on base; Springfield 4 - Butler 3
BOTTOM OF THE 7TH
Butler White Sox batting - Pitching for Springfield Simpsons : LHP Alberto Martínez
Now at 2B: Mitsuoki Taguchi
Now in RF: Bruce Foster
Batting: LHB Milton Watson 0-0: Ball
1-0: Called Strike
1-1: Ball
2-1: Foul Ball, location: 2F
2-2: Ball
3-2: Strikes out swinging
Pitching: LHP Justin Short
Batting: RHB José Darias 0-0: Ball
1-0: Foul Ball, location: 2F
1-1: Ball
2-1: Ball
3-1: Called Strike
3-2: Foul Ball, location: 2F
3-2: Foul Ball, location: 2F
3-2: Ground out 4-3 (Groundball, 4M)
Batting: RHB Steve Clifton 0-0: Called Strike
0-1: Called Strike
0-2: Ball
1-2: SINGLE (Groundball, 56D)
Pinch Hitting: RHB Ken Longoria 0-0: Called Strike
0-1: Fly out, F7 (Flyball, 7LD)
Bottom of the 7th over - 0 run(s), 1 hit(s), 0 error(s), 1 left on base; Springfield 4 - Butler 3
TOP OF THE 8TH
Springfield Simpsons batting - Pitching for Butler White Sox : LHP Domingo Morales
Now at SS: Luis Fuentes
Batting: RHB Roberto Solís 0-0: Called Strike
0-1: Swinging Strike
0-2: Ball
1-2: Strikes out swinging
Pitching: RHP Manny Pérez
Batting: LHB Raúl Morales 0-0: Ball
1-0: Ground out 4-3 (Groundball, 4D)
Batting: SHB Conan Hanson 0-0: Ball
1-0: Ball
2-0: Foul Ball, location: 2F
2-1: Ground out 4-3 (Groundball, 4S)
Top of the 8th over - 0 run(s), 0 hit(s), 0 error(s), 0 left on base; Springfield 4 - Butler 3
BOTTOM OF THE 8TH
Butler White Sox batting - Pitching for Springfield Simpsons : LHP Justin Short
Pitching: RHP David Nanod
Batting: RHB Bo Vickers 0-0: Fly out, F8 (Line Drive, 8LM)
Batting: LHB Dave Cook 0-0: Ball
1-0: Foul Ball, location: 2F
1-1: Ball
2-1: Ball
3-1: Base on Balls
Batting: RHB Bobby Murdock 0-0: Called Strike
0-1: Foul Ball, location: 2F
0-2: Ball
1-2: Ball
2-2: Strikes out swinging
Batting: LHB Thomas Dixon 0-0: Ball
1-0: Fly out, F8 (Flyball, 8LD)
Bottom of the 8th over - 0 run(s), 0 hit(s), 0 error(s), 1 left on base; Springfield 4 - Butler 3
TOP OF THE 9TH
Springfield Simpsons batting - Pitching for Butler White Sox : RHP Manny Pérez
Batting: LHB Mitchell Oglethorpe 0-0: Swinging Strike
0-1: Foul Ball, location: 2F
0-2: Ball
1-2: SINGLE (Flyball, 89S)
Pinch Hitting: LHB Tony O'Bryan 0-0: Called Strike
0-1: Foul Ball, location: 2F
0-2: Ball
1-2: Ball
2-2: Foul Ball, location: 2F
2-2: Foul Ball, location: 2F
2-2: Strikes out swinging
Batting: RHB Bob Carr 0-0: Ball
1-0: Called Strike
1-1: Foul Ball, location: 2F
1-2: Strikes out swinging
Batting: RHB Mitsuoki Taguchi 0-0: Swinging Strike
0-1: Ball
1-1: Fielders Choice at 2nd, 4-6 (Groundball, 4)
Top of the 9th over - 0 run(s), 1 hit(s), 0 error(s), 0 left on base; Springfield 4 - Butler 3
BOTTOM OF THE 9TH
Butler White Sox batting - Pitching for Springfield Simpsons : RHP David Nanod
Pitching: RHP Cristián Torres
Now at 2B: Pedro Cerda
Now in LF: Tony O'Bryan
Pinch Hitting: LHB Sean Perkins 0-0: Ball
1-0: Ball
2-0: Ball
3-0: Base on Balls
Batting: LHB Milton Watson 0-0: Ball
1-0: Called Strike
1-1: Swinging Strike
1-2: Foul Ball, location: 2F
1-2: Strikes out looking
Pinch Hitting: LHB Denny Allen 0-0: Swinging Strike
0-1: Swinging Strike
0-2: Strikes out swinging
Pinch Hitting: RHB Tom Lang 0-0: Ball
1-0: Ball
2-0: Foul Ball, location: 2F
2-1: Foul Ball, location: 2F
2-2: Strikes out looking
Bottom of the 9th over - 0 run(s), 0 hit(s), 0 error(s), 1 left on base; Springfield 4 - Butler 3
Thursday, March 30th, 2017 - OOTP Baseball 17.12 Build 75